 Dungeon Crawl Stone Soup version 0.29-a0-982-gaed3a0c8d8 (webtiles) character file.

Game seed: 3640087015147670717

806 testman the Changer (level 7, -2/53 HPs)
             Began as a Gnoll Wanderer on Aug 1, 2022.
             Slain by a lemure (4 damage)
             ... led by Pikel
             ... on level 5 of the Dungeon.
             The game lasted 00:20:20 (5883 turns).

testman the Changer (Gnoll Wanderer)                Turns: 5883, Time: 00:20:20

Health: -2/53      AC:  6    Str:  8    XL:     7   Next: 91%
Magic:  13/13      EV: 11    Int: 16    God:
Gold:   38         SH:  5    Dex: 12    Spells: 11/14 levels left

rFire   . . .      SeeInvis +   r - +2 war axe (vorpal)
rCold   . . .      Faith    .   d - +0 buckler
rNeg    . . .      Spirit   .   t - +0 leather armour
rPois   .          Reflect  .   (no helmet)
rElec   .          Harm     .   w - +0 cloak
rCorr   .          Rampage  .   (no gloves)
Will    .....                   o - +1 pair of boots
Stlth   ++........              D - amulet of the acrobat
HPRegen 0.17/turn               x - ring of see invisible
MPRegen 0.13/turn               (no ring)

@: no status effects
A: fangs 1, strong nose, distributed training
a: no special abilities


You were on level 5 of the Dungeon.
You visited 1 branch of the dungeon, and saw 5 of its levels.
You also visited: Sewer.

You collected 118 gold pieces.
You spent 80 gold pieces at shops.

Inventory:

Hand Weapons
 a - a +0 dagger
 r - a +2 vorpal war axe (weapon)
 z - a +0 executioner's axe
 H - a +4 scythe of protection
Missiles
 m - 5 javelins
 n - 5 atropa-tipped darts
 E - 4 boomerangs
Armour
 c - a +0 robe
 d - a +0 buckler (worn)
 o - a +1 pair of boots (worn)
 t - a +0 leather armour (worn)
 w - a +0 cloak (worn)
Jewellery
 p - a ring of fire
 v - an amulet of faith
 x - a ring of see invisible (left hand)
 D - an amulet of the acrobat (around neck)
Wands
 B - a wand of mindburst (13)
Scrolls
 b - a scroll of blinking
 g - 3 scrolls of noise
 j - a scroll of torment {unknown}
 k - a scroll of enchant weapon
 l - 6 scrolls of teleportation
 q - 2 scrolls of amnesia
 y - a scroll of summoning {unknown}
 A - a scroll of fear {unknown}
 C - a scroll of magic mapping
 F - a scroll of identify
 G - a scroll of poison {unknown}
Potions
 e - 2 potions of brilliance
 f - 4 potions of curing
 h - a potion of flight
 i - 3 potions of cancellation
 s - a potion of heal wounds
 u - a potion of might {unknown}


   Skills:
 + Level 3.9 Fighting
 + Level 2.9 Short Blades
 + Level 2.9 Long Blades
 + Level 2.9 Axes
 + Level 2.9 Maces & Flails
 + Level 2.9 Polearms
 + Level 2.9 Staves
 + Level 2.9 Ranged Weapons
 + Level 2.9 Throwing
 + Level 2.9 Armour
 + Level 2.9 Dodging
 + Level 2.9 Stealth
 + Level 5.4 Shields
 + Level 2.9 Unarmed Combat
 + Level 4.1 Spellcasting
 + Level 2.3 Conjurations
 + Level 2.3 Hexes
 + Level 2.3 Summonings
 + Level 2.3 Necromancy
 + Level 2.3 Translocations
 + Level 7.5 Transmutations
 + Level 2.3 Fire Magic
 + Level 2.3 Ice Magic
 + Level 4.5 Air Magic
 + Level 2.3 Earth Magic
 + Level 2.3 Poison Magic
 + Level 3.2 Invocations
 + Level 2.9 Evocations


You had 11 spell levels left.
You knew the following spells:

 Your Spells              Type           Power      Damage    Failure   Level
a - Sting                 Tmut/Pois      76%        1d6       4%          1
b - Passwall              Tmut/Erth      15%        N/A       6%          2

Your spell library contained the following spells:

 Spells                   Type           Power      Damage    Failure   Level
 Wereblood                Tmut           27%        N/A       1%          2
 Shock                    Conj/Air       56%        1d6       8%          1
 Sandblast                Erth           20%        2d7       12%         1
 Swiftness                Air            17%        N/A       14%         3
 Ensorcelled Hibernation  Hex/Ice        20%        N/A       17%         2
 Mephitic Cloud           Conj/Pois/Air  13%        N/A       26%         3
 Stone Arrow              Conj/Erth      20%        3d8       34%         3
 Petrify                  Tmut/Erth      19%        N/A       36%         4
 Dispersal                Tloc           5%         N/A       100%        6
 Disjunction              Tloc           5%         N/A       100%        8


Dungeon Overview and Level Annotations

Branches:
Dungeon (5/15)              Sewer (visited)
 Temple: D:4-7

Altars:
Cheibriados
Vehumet

Shops:
D:3 !   D:4 (


Innate Abilities, Weirdness & Mutations

You have very sharp teeth.
Your uncanny sense of smell can sniff out nearby items.
Your experience applies equally to all skills.


Message History

You hit the lemure but do no damage. The lemure misses you.
The lemure hits you!
* * * LOW HITPOINT WARNING * * *
You closely miss the lemure. Your bite misses the lemure.
The lemure is almost dead.
You hit the lemure. The lemure hits you.
* * * LOW HITPOINT WARNING * * *
The lemure hits you but does no damage. The lemure closely misses you.
The lemure hits you!
* * * LOW HITPOINT WARNING * * *
You feel much better. You block the lemure's attack. The lemure hits you.
You hit the lemure but do no damage.
The lemure is almost dead.
You hit the lemure. The lemure hits you. x2
You barely miss the lemure.
The lemure is almost dead.
You hit the lemure. The lemure barely misses you. x2
You closely miss the lemure.
The lemure is almost dead.
You barely miss the lemure. The lemure hits you.
The lemure hits you but does no damage. The lemure hits you.
* * * LOW HITPOINT WARNING * * *
The lemure closely misses you.
You barely miss the lemure.
The lemure is almost dead.
You hit the lemure. The lemure hits you.
* * * LOW HITPOINT WARNING * * *
The lemure hits you.
* * * LOW HITPOINT WARNING * * *
You hit the lemure.
You kill the lemure!
That felt strangely unrewarding.
You closely miss the lemure. The lemure hits you.
* * * LOW HITPOINT WARNING * * *
The lemure completely misses you. The lemure hits you but does no damage.
You barely miss the lemure.
The lemure is severely wounded.
The lemure hits you.
You die...

#..................#.
#.........)........#.
#.....##...####'####.
#.....##...#.........
#..........#.........
#..?.......#.........
#..........#.........
#........$.#.........
#...@5.....#.........
#.....##...#.........
#.....##...##########
#......#....# #
#......+....# #
#......#....# #
############# # #


You could see a lemure.

Vanquished Creatures
  Sigmund (D:5)
  The ghost of xian the Charlatan, an amateur OpAr (D:3)
  2 lemures (D:5)
  A scorpion (D:4)
  A necrophage (D:4)
  A howler monkey (D:5)
  A jelly (D:5)
  2 hounds (D:5)
  4 iguanas
  A hell rat (Sewer)
  4 adders
  2 river rats (Sewer)
  An ufetubus (D:5)
  3 worms
  A dart slug (D:1)
  12 orcs
  5 ball pythons
  11 endoplasms
  9 giant cockroaches (D:2)
  14 hobgoblins
  10 jackals
  9 bats
  3 frilled lizards
  A goblin (D:2)
  4 kobolds
  6 rats
110 creatures vanquished.

Notes
Turn   | Place    | Note
-------+----------+-------------------------------------------
     0 | D:1      | testman the Gnoll Wanderer began the quest for the Orb.
     0 | D:1      | testman set off with the following items: a +0 dagger, a
                  | scroll of blinking, a +0 robe, a +0 buckler; and the
                  | following spells available to memorise: Wereblood, Sting,
                  | Shock, Mephitic Cloud, Petrify.
     0 | D:1      | Reached XP level 1. HP: 17/17 MP: 4/4
    18 | D:1      | Learned a level 1 spell: Sting
   380 | D:1      | Reached XP level 2. HP: 20/23 MP: 5/5
   828 | D:1      | Reached XP level 3. HP: 19/28 MP: 2/7
  1240 | D:2      | Reached skill level 1 in Invocations
  1537 | D:2      | Reached skill level 1 in Short Blades
  1537 | D:2      | Reached skill level 1 in Long Blades
  1537 | D:2      | Reached skill level 1 in Axes
  1537 | D:2      | Reached skill level 1 in Maces & Flails
  1537 | D:2      | Reached skill level 1 in Polearms
  1537 | D:2      | Reached skill level 1 in Staves
  1537 | D:2      | Reached skill level 1 in Ranged Weapons
  1537 | D:2      | Reached skill level 1 in Throwing
  1537 | D:2      | Reached skill level 1 in Armour
  1537 | D:2      | Reached skill level 1 in Dodging
  1537 | D:2      | Reached skill level 1 in Stealth
  1537 | D:2      | Reached skill level 1 in Unarmed Combat
  1537 | D:2      | Reached skill level 1 in Evocations
  1547 | D:2      | Reached XP level 4. HP: 10/34 MP: 3/8
  1558 | D:2      | Learned a level 2 spell: Passwall
  2131 | D:3      | Found a snail-covered altar of Cheibriados.
  2140 | D:3      | Found a runed translucent door.
  2141 | D:3      | Noticed xian's ghost (amateur OpAr)
  2287 | D:3      | Found a radiant altar of Vehumet.
  2387 | D:3      | Reached skill level 1 in Conjurations
  2387 | D:3      | Reached skill level 1 in Hexes
  2387 | D:3      | Reached skill level 1 in Summonings
  2387 | D:3      | Reached skill level 1 in Necromancy
  2387 | D:3      | Reached skill level 1 in Translocations
  2387 | D:3      | Reached skill level 1 in Fire Magic
  2387 | D:3      | Reached skill level 1 in Ice Magic
  2387 | D:3      | Reached skill level 1 in Earth Magic
  2387 | D:3      | Reached skill level 1 in Poison Magic
  2647 | D:3      | Found Ewea's Distillery.
  2664 | D:3      | Bought a potion of degeneration for 10 gold pieces
  2664 | D:3      | Bought a potion of curing for 30 gold pieces
  2664 | D:3      | Bought a potion of brilliance for 40 gold pieces
  3030 | D:3      | Killed xian's ghost
  3031 | D:3      | Reached XP level 5. HP: 17/41 MP: 9/9
  3567 | D:4      | Reached XP level 6. HP: 37/47 MP: 9/11
  3653 | D:4      | Reached skill level 5 in Shields
  3927 | D:4      | Found Opit's Weapon Emporium.
  4384 | D:5      | Entered Level 5 of the Dungeon
  4391 | D:5      | Found a glowing drain.
  4417 | D:4      | HP: 2/47 [poisoned by a scorpion]
  4752 | Sewer    | Entered a sewer
  4808 | Sewer    | Reached XP level 7. HP: 52/52 MP: 9/12
  5428 | D:5      | Noticed Sigmund
  5443 | D:5      | Killed Sigmund
  5875 | D:5      | HP: 1/53 [lemure[Pikel] (8)]
  5881 | D:5      | HP: 2/53 [lemure[Pikel] (2)]
  5883 | D:5      | Slain by a lemure

Illustrated notes

Levels and vault maps discovered:
D:1:      dpeg_arrival_water_temple_mockup, layout_basic
D:2:      minmay_roachtagon, layout_rooms, minmay_small_reverse_x
D:3:      layout_basic, mainiacjoe_overflow_concentric_impassable,
          mainiacjoe_overflow_small_starburst, hellmonk_ghost_happy_afterlife,
          serial_shops, shop_fountains, serial_park_tiny_1,
          chequers_serial_rivers_micro_d
D:4:      layout_basic, serial_shops, shop, st_stairs_8,
          amcnicky_mini_rare_corridor_liquid
D:5:      layout_gridville, cheibrodos_sewer_entry_drain,
          kennysheep_generic_room_15, uniq_pikel, uniq_sigmund

Skill      XL: |  1  2  3  4  5  6  7 |
---------------+----------------------+-----
Invocations    | 1 2 3 |  3.2
Short Blades   | 1 2 |  2.9
Long Blades    | 1 2 |  2.9
Axes           | 1 2 |  2.9
Maces & Flails | 1 2 |  2.9
Polearms       | 1 2 |  2.9
Staves         | 1 2 |  2.9
Ranged Weapons | 1 2 |  2.9
Throwing       | 1 2 |  2.9
Armour         | 1 2 |  2.9
Dodging        | 1 2 |  2.9
Stealth        | 1 2 |  2.9
Unarmed Combat | 1 2 |  2.9
Evocations     | 1 2 |  2.9
Spellcasting   | 3 4 |  4.1
Conjurations   | 1 2 |  2.3
Hexes          | 1 2 |  2.3
Summonings     | 1 2 |  2.3
Necromancy     | 1 2 |  2.3
Translocations | 1 2 |  2.3
Fire Magic     | 1 2 |  2.3
Ice Magic      | 1 2 |  2.3
Earth Magic    | 1 2 |  2.3
Poison Magic   | 1 2 |  2.3
Fighting       | 3 |  3.9
Air Magic      | 4 |  4.5
Shields        | 5 |  5.4
Transmutations | |  7.5

Action                   |  1- 3 |  4- 6 |  7- 9 || total
-------------------------+-------+-------+-------++-------
Melee: Dagger            |   124 |    39 |       ||   163
       Bite              |    14 |    16 |     7 ||    37
       War axe           |       |    92 |    87 ||   179
Throw: Dart              |       |       |     1 ||     1
 Cast: Sting             |    35 |    32 |    13 ||    80
  Use: Scroll            |       |    10 |     2 ||    12
       Potion            |       |       |     1 ||     1
 Stab: Sleeping          |       |     3 |       ||     3
Armor: Robe              |    22 |    19 |       ||    41
       Leather armour    |       |    18 |    26 ||    44
Dodge: Dodged            |    88 |    78 |    52 ||   218
Block: Buckler           |    24 |    34 |    21 ||    79

Table legend: (Time is in decaauts)
 A = Elapsed time spent in this place.
 B = Non-inter-level travel time spent in this place.
 C = Inter-level travel time spent in this place.
 D = Time resting spent in this place.
 E = Time spent auto-exploring this place.
 F = Levels seen in this place.
 G = Mean time per level.
                   A        B        C        D        E       F      G
               +--------+--------+--------+--------+--------+-----+--------+
         Total |   5980 |   5876 |    104 |    305 |   4531 |   6 |  996.7 |
       Dungeon |   5743 |   5639 |    104 |    305 |   4348 |   5 | 1148.6 |
         Sewer |    236 |    236 |      0 |      0 |    183 |   1 |  236.0 |
               +--------+--------+--------+--------+--------+-----+--------+

Top non-repeatable levels by time:
     D:4: 1480 daAuts
     D:1: 1191 daAuts
     D:3: 1128 daAuts
     D:5: 1010 daAuts
     D:2: 933 daAuts
   Sewer: 236 daAuts
